 Dungeon Crawl Stone Soup version 0.31-a0-188-g5e087ee2ca (webtiles) character file.

Game seed: 998976248099253396

607 qw the Skirmisher (level 7, -14/41 HPs)
             Began as a Deep Elf Hunter on June 23, 2023.
             Demolished by an ogre
             ... wielding a +0 giant club
              (31 damage)
             ... on level 5 of the Dungeon.
             The game lasted 00:00:58 (3345 turns).

qw the Skirmisher (Deep Elf Hunter)                 Turns: 3345, Time: 00:00:58

Health: -14/41     AC:  5    Str: 10    XL:     7   Next: 19%
Magic:  9/9        EV: 11    Int: 14    God:
Gold:   37         SH:  0    Dex: 18    Spells: 6/6 levels left

rFire   . . .        Y - +4 shortbow (heavy)
rCold   . . .        (shield currently unavailable)
rNeg    . . .        i - +0 ring mail
rPois   .            (no helmet)
rElec   .            (no cloak)
rCorr   .            (no gloves)
SInv    .            (no boots)
Will    .....        (no amulet)
Stlth   +            (no ring)
HPRegen 0.26/turn    (no ring)
MPRegen 0.11/turn

%: no passive effects
@: no status effects
A: no striking features
a: no special abilities


You were on level 5 of the Dungeon.
You visited 1 branch of the dungeon, and saw 5 of its levels.

You collected 167 gold pieces.
You spent 130 gold pieces at shops.


   Skills:
 - Level 3.0 Fighting
 - Level 10.5 Ranged Weapons
 + Level 2.8 Dodging
 - Level 1.2 Stealth


You had 6 spell levels left.
You didn't know any spells.
Your spell library was empty.

Inventory:

Hand Weapons
 Y - a +4 heavy shortbow (weapon)
Armour
 f - a +0 pair of boots
 i - a +0 ring mail (worn)
Jewellery
 c - a ring of protection from cold
Scrolls
 a - 3 scrolls of teleportation
 b - 4 scrolls of identify
Potions
 d - 2 potions of curing
 e - a potion of mutation

Dungeon Overview and Level Annotations

Branches:
Dungeon (5/15)
 Temple: D:4-7

Altars:
Elyvilon
Hepliaklqana
Makhleb
Nemelex Xobeh
Ru

Shops:
D:4 *?

Annotations:
D:5 1 transporter


Message History

3262 ||| DROPPING potion of brilliance.
You drop a potion of brilliance.
Done exploring.
(D) Dungeon
Where to? (* - list waypoints, Enter - D:4, ? - help)
What level of the Dungeon? (default 1, ? - help)
You see here a +0 club.
There is a stone staircase leading down here.
You climb downwards.
Found a scroll of identify and a tourmaline ring.
There is a stone staircase leading up here.
Waypoint 4 assigned to D:5.
b - 4 scrolls of identify (gained 1)
There is a stone staircase leading up here.
A worm comes into view.
You see here a ring of protection from cold.
You shoot an arrow. The arrow completely misses the worm.
You shoot an arrow. The arrow hits the worm!
The worm is heavily wounded.
You shoot an arrow. The arrow hits the worm!
You kill the worm!
c - a ring of protection from cold
f - a +0 pair of boots You now have enough gold to buy a scroll of identify on D:4, or buy a scroll of identify on D:4.
You can access your shopping list by pressing '$'.
You now have 37 gold pieces (gained 16).
Found a stone staircase leading down.
An ogre comes into view. It is wielding a +0 giant club.
Found a clear potion.
The ogre shouts!
You hear a howl!
You hear a shout!
You shoot an arrow. The arrow barely misses the ogre.
The ogre closely misses you.
You shoot an arrow. The arrow hits the ogre.
The ogre is lightly wounded.
The ogre hits you with a +0 giant club!!
Ouch! That really hurt!
You shoot an arrow. The arrow hits the ogre.
The ogre is moderately wounded.
The ogre hits you with a +0 giant club!!
Ouch! That really hurt!
You die...

# .# ###.###.. #.O....!#
#@# ###############.#
##............##.##.####
...................>....
##............#####.....
#............### ....
#..............# .#.
##............#.## #
.......####.......


You could see an ogre.

Vanquished Creatures
  Eustachio (D:4)
  Menkaure (D:4)
  A water moccasin (D:4)
  A jelly (D:4)
  8 gnolls
  3 adders
  An ufetubus (D:4)
  2 worms
  4 dart slugs
  6 bats
  6 endoplasms
  2 giant cockroaches
  7 goblins
  8 hobgoblins
  3 jackals (D:3)
  7 kobolds
  A quokka (D:2)
  8 ball pythons
  4 frilled lizards
  2 rats (D:1)
76 creatures vanquished.

Notes
Turn   | Place    | Note
-------+----------+-------------------------------------------
     0 | D:1      | qw the Deep Elf Hunter began the quest for the Orb.
     0 | D:1      | Reached XP level 1. HP: 12/12 MP: 3/3
     0 | D:1      | 0 ||| qw: Version: 0.3-a-9-g12657ce
     0 | D:1      | 0 ||| qw: Game counter: 3455
     0 | D:1      | 0 ||| qw: Always use a shield: true
     0 | D:1      | 0 ||| qw: God list: Okawaru
     0 | D:1      | 0 ||| qw: Allow faded altars: false
     0 | D:1      | 0 ||| qw: Do Orc after D:15 true
     0 | D:1      | 0 ||| qw: Do second Lair branch before Depths: true
     0 | D:1      | 0 ||| qw: Lair rune preference: random
     0 | D:1      | 0 ||| qw: Plans: Normal
     0 | D:1      | 0 ||| PLANNING D:1-11
    75 | D:1      | Reached XP level 2. HP: 13/16 MP: 4/4
    75 | D:1      | 75 ||| FLEEEEING.
    76 | D:1      | 76 ||| FLEEEEING.
    77 | D:1      | 77 ||| FLEEEEING.
    78 | D:1      | 78 ||| FLEEEEING.
    79 | D:1      | 79 ||| FLEEEEING.
    81 | D:1      | Reached skill level 6 in Ranged Weapons
   875 | D:1      | 875 ||| UPGRADING to +0 ring mail.
   885 | D:1      | 885 ||| DROPPING +0 leather armour.
   886 | D:1      | 886 ||| READING scroll labelled YFIBAB UFETWO.
   887 | D:1      | 887 ||| READING scroll labelled MIH RIDYAM.
   891 | D:1      | 891 ||| READING 4 scrolls labelled BUSAICKIXIV.
   892 | D:1      | 892 ||| READING 3 scrolls of enchant weapon.
   892 | D:1      | 892 ||| ENCHANTING +1 shortbow.
   893 | D:1      | 893 ||| READING 2 scrolls of enchant weapon.
   893 | D:1      | 893 ||| ENCHANTING +2 shortbow.
   894 | D:1      | 894 ||| READING scroll of enchant weapon.
   894 | D:1      | 894 ||| ENCHANTING +3 shortbow.
   895 | D:1      | 895 ||| READING scroll labelled CIZXEN BYI.
   896 | D:1      | 896 ||| READING scroll labelled BANUES BOWU.
   897 | D:1      | 897 ||| READING scroll labelled EGOETS IR BISE.
   898 | D:1      | 898 ||| DRINKING 2 golden potions.
   899 | D:1      | 899 ||| DROPPING scroll of butterflies.
   946 | D:2      | Identified the +8 plate armour of the Snail {rElec Will+}
  1051 | D:2      | Found a faded altar of an unknown god.
  1153 | D:2      | Reached XP level 3. HP: 20/20 MP: 5/5
  1301 | D:2      | Reached skill level 7 in Ranged Weapons
  1814 | D:2      | 1814 ||| READING scroll labelled QOREBEX ROPOCH.
  1815 | D:2      | 1815 ||| READING 2 scrolls labelled FUCA YSMAONNEU.
  1816 | D:2      | 1816 ||| DROPPING scroll of revelation.
  1844 | D:3      | 1844 ||| FLEEEEING.
  1845 | D:3      | 1845 ||| FLEEEEING.
  1852 | D:3      | 1852 ||| FLEEEEING.
  1853 | D:3      | 1853 ||| FLEEEEING.
  1854 | D:3      | 1854 ||| STAIRDANCE
  1936 | D:3      | Reached XP level 4. HP: 25/25 MP: 6/6
  1948 | D:3      | 1948 ||| READING scroll of brand weapon.
  1948 | D:3      | 1948 ||| BRANDING +4 shortbow of draining.
  2004 | D:3      | Reached skill level 8 in Ranged Weapons
  2020 | D:3      | Found a sacrificial altar of Ru.
  2492 | D:3      | 2492 ||| DROPPING ring of magical power.
  2519 | D:4      | Found a hazy altar of Hepliaklqana.
  2526 | D:4      | Reached XP level 5. HP: 29/29 MP: 7/7
  2573 | D:4      | Reached skill level 9 in Ranged Weapons
  2621 | D:4      | Found a burning altar of Makhleb.
  2635 | D:4      | Noticed Menkaure
  2637 | D:4      | Killed Menkaure
  2638 | D:4      | Reached skill level 3 in Fighting
  2638 | D:4      | Reached XP level 6. HP: 37/37 MP: 8/8
  2640 | D:4      | Found a sparkling altar of Nemelex Xobeh.
  2646 | D:4      | Found Seamm's Magic Scroll Shop.
  2654 | D:4      | 2654 ||| BUYING 2 scrolls of teleportation (78 gold).
  2654 | D:4      | Bought 2 scrolls of teleportation for 78 gold pieces
  2654 | D:4      | 2654 ||| SHOPLISTING scroll of enchant armour (97 gold,
                  | have 67).
  2654 | D:4      | 2654 ||| BUYING scroll of identify (26 gold).
  2654 | D:4      | Bought a scroll of identify for 26 gold pieces
  2654 | D:4      | 2654 ||| BUYING scroll of identify (26 gold).
  2654 | D:4      | Bought a scroll of identify for 26 gold pieces
  2654 | D:4      | 2654 ||| SHOPLISTING scroll of identify (26 gold, have 15).
  2731 | D:4      | Noticed a water moccasin
  2734 | D:4      | Killed a water moccasin
  2802 | D:4      | Noticed Eustachio
  2807 | D:4      | Killed Eustachio
  2808 | D:4      | Reached skill level 10 in Ranged Weapons
  2808 | D:4      | Reached XP level 7. HP: 41/41 MP: 9/9
  2919 | D:4      | Found Reun's General Store.
  2923 | D:4      | 2923 ||| SHOPLISTING 2 potions of might (104 gold, have
                  | 15).
  2923 | D:4      | 2923 ||| SHOPLISTING potion of curing (39 gold, have 15).
  2923 | D:4      | 2923 ||| SHOPLISTING potion of haste (130 gold, have 15).
  2923 | D:4      | 2923 ||| SHOPLISTING scarf of resistance (416 gold, have
                  | 15).
  2923 | D:4      | 2923 ||| SHOPLISTING scroll of identify (26 gold, have 15).
  2923 | D:4      | 2923 ||| SHOPLISTING scroll of teleportation (39 gold, have
                  | 15).
  3120 | D:4      | Found a white marble altar of Elyvilon.
  3257 | D:4      | 3257 ||| DRINKING 2 cyan potions.
  3258 | D:4      | 3258 ||| DRINKING 3 potions of curing.
  3258 | D:4      | 3258 ||| (to cure confusion)
  3259 | D:4      | 3259 ||| READING 5 scrolls of identify.
  3259 | D:4      | 3259 ||| IDENTIFYING bubbling orange potion
  3260 | D:4      | 3260 ||| READING 4 scrolls of identify.
  3260 | D:4      | 3260 ||| IDENTIFYING smoky orange potion
  3261 | D:4      | 3261 ||| DROPPING potion of ambrosia.
  3262 | D:4      | 3262 ||| DROPPING potion of brilliance.
  3303 | D:5      | Entered Level 5 of the Dungeon
  3309 | D:5      | Found a transporter.
  3345 | D:5      | Demolished by an ogre

Levels and vault maps discovered:
D:1:      shiori_arrival_oz, layout_loops_corners
D:2:      layout_loops_corners, hellmonk_ecumenical_altar_heavens_door,
          chequers_serial_rivers_small_a
D:3:      layout_basic, lemuel_round_altar, minivault_24
D:4:      layout_loops_ring, mainiacjoe_overflow_paths,
          grunt_temple_overflow_open, marbit_many_paths, serial_shops,
          nicolae_shop_advertising_works [nicolae_subvault_shop_adworks], shop,
          uniq_menkaure, uniq_eustachio
D:5:      gammafunk_cloud_chamber, layout_basic

Skill      XL: |  1  2  3  4  5  6 |
---------------+-------------------+-----
Ranged Weapons | 6 7 8 9 10 | 10.5
Fighting       | 3 |  3.0
Dodging        | |  2.8
Stealth        | |  1.2

Action                     |  1- 3 |  4- 6 |  7- 9 || total
---------------------------+-------+-------+-------++-------
   Fire: Shortbow          |    71 |    54 |    17 ||   142
    Use: Scroll            |    11 |     1 |     2 ||    14
         Potion            |     1 |       |     2 ||     3
 Armour: Leather armour    |     2 |       |       ||     2
         Ring mail         |     2 |       |       ||     2
  Dodge: Dodged            |     5 |     3 |     2 ||    10

Table legend:
 A = Non-vault XP
 B = Vault XP
 C = Vault XP percentage of total XP
 D = Non-vault monster count
 E = Vault monster count
 F = Vault count percentage of total count
                 A         B        C        D         E       F
            +---------+---------+-------+---------+---------+-------
      Total |     462 |     406 |  46.8 |      71 |       5 |   6.6
            +---------+---------+-------+---------+---------+-------
        D:1 |      34 |       4 |  10.5 |      20 |       2 |   9.1
        D:2 |      47 |       0 |   0.0 |      17 |       0 |   0.0
        D:3 |      82 |       0 |   0.0 |      16 |       0 |   0.0
        D:4 |     294 |     402 |  57.8 |      17 |       3 |  15.0
        D:5 |       5 |       0 |   0.0 |       1 |       0 |   0.0
            +---------+---------+-------+---------+---------+-------
